 Dungeon Crawl Stone Soup version 0.26-a0-291-g3d11bbfad5 (webtiles) character file.

Game seed: 5701519590411469455

21 ANON1729 the Slasher (level 2, -2/25 HPs)
             Began as a Draconian Gladiator on July 14, 2020.
             Slain by an adder (5 damage)
             ... on level 4 of the Dungeon.
             The game lasted 00:01:17 (1000 turns).

ANON1729 the Slasher (Draconian Gladiator)          Turns: 1000, Time: 00:01:18

Health: -2/25      AC:  4    Str: 14 (16) XL:     2   Next: 62%
Magic:  2/2        EV: 13    Int:  3 (6)  God:
Gold:   142        SH:  0    Dex: 11 (12) Spells: 1/1 levels left

rFire    . . .     SeeInvis .   a - +0 long sword
rCold    . . .     Faith    .   (no shield)
rNeg     . . .     Spirit   .   (armour unavailable)
rPois    .         Reflect  .   b - +0 hat
rElec    .         Harm     .   (no cloak)
rCorr    .                      (no gloves)
MR       .....                  (no boots)
Stlth    +.........             (no amulet)
HPRegen  0.08/turn              (no ring)
MPRegen  0.08/turn              (no ring)

@: brilliant, lethally poisoned (-2 -> -7), stab, hasted, very quick
A: unfitting armour, antennae 1, dopey 1, cold-blooded, AC +4
a: no special abilities


You were on level 4 of the Dungeon.
You visited 1 branch of the dungeon, and saw 3 of its levels.

You collected 142 gold pieces.

Inventory:

Hand Weapons
 a - a +0 long sword (weapon)
 h - a +0 dagger of venom
Missiles
 c - 3 throwing nets (quivered)
Armour
 b - a +0 hat (worn)
Jewellery
 g - an uncursed ring of protection from magic {unknown}
Wands
 k - a wand of acid (10)
Scrolls
 d - 4 scrolls of identify {unknown}
 e - 4 scrolls of remove curse {unknown}
 f - a scroll of teleportation {unknown}
 i - a scroll of enchant armour {unknown}
 j - 2 scrolls of noise {unknown}
 m - a scroll of amnesia {unknown}
 o - a scroll of fog {unknown}
 s - a scroll of immolation {unknown}
Potions
 q - a potion of degeneration
 r - a potion of brilliance


   Skills:
 + Level 2.6 Fighting
 + Level 3.3 Long Blades
 - Level 2.0 Throwing
 + Level 2.9 Dodging


You had one spell level left.
You didn't know any spells.
Your spell library was empty.

Dungeon Overview and Level Annotations

Branches:
Dungeon (2/15)

Altars:
Hepliaklqana
Kikubaaqudgha
Xom


Innate Abilities, Weirdness & Mutations

Your plain brown scales are hard. (AC +4)
You cannot fit into any form of body armour.
You are cold-blooded and may be slowed by cold attacks.
You have a pair of small antennae on your head.
You are dopey. (Int -2)


Message History

It was a potion of brilliance.
You feel clever all of a sudden. The adder closely misses you.
It was a potion of magic.
Magic courses through your body.
* * * LOW HITPOINT WARNING * * *
You feel sick. The adder bites you.
* * * LOW HITPOINT WARNING * * *
The adder bites you but does no damage.
It was a potion of mutation.
You feel extremely strange.
You feel stupid. A pair of antennae grows on your head! The adder misses you.
It was a potion of haste.
You feel yourself speed up.
* * * LOW HITPOINT WARNING * * *
You feel sick. The adder closely misses you.
* * * LOW HITPOINT WARNING * * *
You feel sick.
You see here a wand of acid (10).
k - a wand of acid (10)
The adder bites you.
You die...

######.#.......[#.#
.................>..
#########.#######.#.
... #.# #.#. ###.#
###.#######.#. ....
#.............
##.###.#.#######...
#..Sh....# #.##
##@###.### #. ###
#.# #. ... . ##.## #
#.# #.. #.# ###


You could see a hound and an adder.

Vanquished Creatures
  A leopard gecko (D:1)
  3 bats
  A giant cockroach (D:2)
  4 goblins
  A hobgoblin (D:2)
  A frilled lizard (D:1)
  3 kobolds
  6 rats
20 creatures vanquished.

Notes
Turn   | Place    | Note
-------+----------+-------------------------------------------
     0 | D:1      | ANON1729 the Draconian Gladiator began the quest for the
                  | Orb.
     0 | D:1      | Reached XP level 1. HP: 17/17 MP: 1/1
   171 | D:1      | Found a radiant altar of Vehumet.
   173 | D:1      | Found a shimmering altar of Xom.
   173 | D:1      | Found a shimmering altar of Xom.
   175 | D:1      | Found a shattered altar of Ashenzari.
   175 | D:1      | Found a hazy altar of Hepliaklqana.
   175 | D:1      | Found an ancient bone altar of Kikubaaqudgha.
   484 | D:1      | Reached XP level 2. HP: 25/25 MP: 2/2
   943 | D:2      | You fall into a shaft and drop 2 floors!
   994 | D:4      | Gained mutation: You are dopey. (Int -2) [potion of
                  | mutation]
   994 | D:4      | Gained mutation: You have a pair of small antennae on your
                  | head. [potion of mutation]
  1000 | D:4      | Slain by an adder

Illustrated notes

Levels and vault maps discovered:
D:1:      minmay_arrival_plants_in_alcoves, layout_loops_cross,
          doesnt_xom_only_xom
D:2:      layout_basic, kennysheep_cross_room
D:4:      layout_basic, minmay_temple_entry_hall, grunt_dithmenos_shadows

Skill      XL: |  1 |
---------------+----+-----
Throwing       | 2 |  2.0
Fighting       | |  2.6
Long Blades    | |  3.3
Dodging        | |  2.9

Action                   || total
-------------------------++-------
Melee: Long sword        ||    40
       Tailslap          ||     4
  Use: Potion            ||     6
Armor: Skin              ||    17
Dodge: Dodged            ||    37
       Rpst.: Long sword ||    12

Table legend:
 A = Non-vault XP
 B = Vault XP
 C = Vault XP percentage of total XP
 D = Non-vault monster count
 E = Vault monster count
 F = Vault count percentage of total count
                 A         B        C        D         E       F
            +---------+---------+-------+---------+---------+-------
      Total |      30 |       0 |   0.0 |      20 |       0 |   0.0
            +---------+---------+-------+---------+---------+-------
        D:1 |      15 |       0 |   0.0 |      10 |       0 |   0.0
        D:2 |      15 |       0 |   0.0 |      10 |       0 |   0.0
            +---------+---------+-------+---------+---------+-------
